 Dungeon Crawl Stone Soup version 0.31.0-32-g396128a36d (webtiles) character file.

Game seed: 9797249062940787326

1815 hawla the Firebug (level 8, -7/41 HPs)
             Began as a Deep Elf Fire Elementalist on Mar 26, 2024.
             Was a Follower of Vehumet.
             Mangled by a komodo dragon (11 damage)
             ... on level 7 of the Dungeon on Mar 27, 2024.
             The game lasted 00:15:01 (6226 turns).

hawla the Firebug (Deep Elf Fire Elementalist)      Turns: 6226, Time: 00:15:02

Health: -7/41      AC:  4    Str:  5    XL:     8   Next: 85%
Magic:  7/17       EV: 12    Int: 23    God:    Vehumet [*.....]
Gold:   356        SH:  0    Dex: 15    Spells: 10/17 levels left

rFire   . . .        s - staff of earth
rCold   . . .        (no shield)
rNeg    . . .        a - +2 robe
rPois   .            (no helmet)
rElec   .            (no cloak)
rCorr   .            (no gloves)
SInv    .            (no boots)
Will    .....        (no amulet)
Stlth   ++           (no ring)
HPRegen 0.26/turn    (no ring)
MPRegen 0.15/turn

%: no passive effects
@: no status effects
A: no striking features
a: Renounce Religion


You were on level 7 of the Dungeon.
You worshipped Vehumet.
Vehumet was aware of your devotion.
You visited 2 branches of the dungeon, and saw 8 of its levels.

You collected 356 gold pieces.

Inventory:

Armour
 a - a +2 robe (worn)
Magical Staves
 s - a staff of earth (weapon)
Talismans
 r - a maw talisman
Wands
 v - a wand of iceblast (11)
 w - a wand of polymorph (3)
Scrolls
 k - 3 scrolls of enchant armour
 n - a scroll of amnesia
 q - 4 scrolls of poison
 t - a scroll of fog
Potions
 b - 3 potions of heal wounds
 c - 3 potions of haste
 d - 2 potions of berserk rage {unknown}
 e - a potion of cancellation {unknown}
 f - 3 potions of mutation {unknown}
 g - a potion of enlightenment {unknown}
 i - a potion of attraction {unknown}
 j - 5 potions of curing {unknown}
 l - a potion of lignification {unknown}
 m - a potion of might {unknown}
 o - a potion of magic
 u - a potion of resistance {unknown}
 z - 2 potions of ambrosia {unknown}


   Skills:
 + Level 3.4 Staves
 - Level 2.4 Dodging
 - Level 2.4 Stealth
 - Level 5.2 Spellcasting
 - Level 5.1 Conjurations
 - Level 6.5 Fire Magic
 + Level 3.8 Earth Magic
 + Level 3.7 Evocations
 * Level 5.2 Shapeshifting


You had 10 spell levels left.
You knew the following spells:

 Your Spells              Type           Power      Damage    Failure   Level
a - Foxfire               Conj/Fire      100%       2x1d9     1%          1
b - Scorch                Fire           72%        2d8       1%          2
c - Flame Wave            Conj/Fire      33%        2d10      9%          4

Your spell library contained the following spells:

 Spells                   Type           Power      Damage    Failure   Level
 Sting                    Conj/Alch      68%        1d7       3%          1
 Momentum Strike          Conj/Tloc      34%        3d8       4%          2
 Inner Flame              Hex/Fire       21%        N/A       7%          3
 Volatile Blastmotes      Fire/Tloc      42%        2d13      7%          3
 Hailstorm                Conj/Ice       17%        3d6       10%         3
 Blink                    Tloc           12%        N/A       14%         2
 Lesser Beckoning         Tloc           12%        N/A       14%         2
 Summon Ice Beast         Ice/Summ       6%         N/A       28%         3
 Sculpt Simulacrum        Ice/Alch       3%         N/A       100%        6


Dungeon Overview and Level Annotations

Branches:
Dungeon (7/15)             Temple (1/1) D:6

Altars:
Ashenzari
Cheibriados
Dithmenos
Gozag
Hepliaklqana
Kikubaaqudgha
Makhleb
Nemelex Xobeh
Okawaru
Qazlal
Ru
Sif Muna
Trog
Uskayaw
Vehumet
Wu Jian
Yredelemnul
Zin
The Shining One

Shops:
D:2 !

Annotations:
D:6 3 runed translucent doors, tdove's ghost, novice OpFi; zeteo's ghost, novice HOMo


Message History

There are monsters nearby!
There are monsters nearby!
Casting: Scorch (safe; 1% risk of failure)
Confirm with . or Enter, or press ? or * to list all spells.
You conjure some foxfire!
Casting: Foxfire (safe; 1% risk of failure)
Confirm with . or Enter, or press ? or * to list all spells.
Flames lash the komodo dragon.
The komodo dragon is lightly wounded.
The komodo dragon's fire resistance burns away.
The foxfire hits the komodo dragon but does no damage.
The komodo dragon is lightly wounded.
The foxfire hits the komodo dragon.
The komodo dragon is lightly wounded.
Casting: Scorch (safe; 1% risk of failure)
Confirm with . or Enter, or press ? or * to list all spells.
Flames lash the komodo dragon.
The komodo dragon is burned terribly!
The komodo dragon is heavily wounded.
Casting: Scorch (safe; 1% risk of failure)
Confirm with . or Enter, or press ? or * to list all spells.
Casting: Flame Wave (quite dangerous; 9% risk of failure)
Press: ? - help, Dir - look around, f - activate A wave of flame ripples out!
The flame wave engulfs the komodo dragon but does no damage.
The komodo dragon is moderately wounded. (Press . to intensify the flame waves.)
The komodo dragon bites you!!
A wave of flame ripples out!
The flame wave engulfs the komodo dragon.
The komodo dragon is moderately wounded.
The flame wave engulfs the sleepcap.
The sleepcap is lightly damaged.
The komodo dragon bites you!
* * * LOW HITPOINT WARNING * * *
As you read the scroll labelled NESOX XIUB, it crumbles to dust.
Your body is wracked with pain!
* * * LOW HITPOINT WARNING * * *
The komodo dragon convulses!
It was a scroll of torment.
The komodo dragon bites you!
You die...

#####............# #.............
....'............#########.#.####
#####............'.<.......#.# #.
#............#.......#.#.# #.
#.......(....#....##.###.# #.
#............#.......#.b.###.
#####............#.....#.b...bbbb
...######'###+####.....#.#b######
##.# #......#@lf......#.# .#[#
########.#...#####.# .#.# #.#...#
#.# # .#.###### #.#...# #.. .
.#<.....# ######.#...# #..####.
..#####.# #......#... #.>#....
...#..#.# #.######. #......$
#.....#.# #.# ##.##.##
##.#.##.###.############# #......


You could see a komodo dragon (combustible) and a sleepcap.

Vanquished Creatures
  A wyvern (D:7)
  2 steam dragons (D:7)
  2 ice beasts (D:7)
  A black bear (D:6)
  2 ogres
  2 scorpions
  5 bullfrogs
  A howler monkey (D:6)
  A bombardier beetle (D:3)
  4 hounds
  A gnoll bouda (D:6)
  2 iguanas (D:6)
  2 orc wizards (D:5)
  5 adders
  9 gnolls
  2 ribbon worms
  7 orcs
  9 ball pythons
  5 bats
  7 endoplasms
  2 giant cockroaches
  4 goblins
  2 hobgoblins
  3 jackals (D:1)
  5 kobolds
  3 quokkas (D:2)
  3 frilled lizards
92 creatures vanquished.

Vanquished Creatures (collateral kills)
  4 foxfires
4 creatures vanquished.

Vanquished Creatures (others)
  227 foxfires
227 creatures vanquished.

Grand Total: 323 creatures vanquished

Notes
Turn   | Place    | Note
-------+----------+-------------------------------------------
     0 | D:1      | hawla the Deep Elf Fire Elementalist began the quest for
                  | the Orb.
     0 | D:1      | Reached XP level 1. HP: 10/10 MP: 6/6
   281 | D:1      | Reached XP level 2. HP: 15/15 MP: 5/8
   410 | D:1      | Reached skill level 4 in Fire Magic
  1018 | D:2      | Found Mebuseon's Distillery.
  1120 | D:2      | Reached XP level 3. HP: 10/19 MP: 4/9
  1123 | D:2      | Learned a level 2 spell: Scorch
  1284 | D:2      | Identified the +4 scale mail of the Sturgeon {-Cast rPois
                  | Dex+3 SInv}
  1670 | D:2      | Reached skill level 5 in Fire Magic
  1776 | D:2      | Reached XP level 4. HP: 24/24 MP: 5/10
  2252 | D:3      | Reached skill level 6 in Fire Magic
  2567 | D:3      | Found a shimmering blue altar of Sif Muna.
  2573 | D:3      | Found a radiant altar of Vehumet.
  2581 | D:3      | Became a worshipper of Vehumet
  2585 | D:3      | Found a stormy altar of Qazlal.
  2683 | D:3      | Found an ancient bone altar of Kikubaaqudgha.
  2885 | D:4      | Reached XP level 5. HP: 28/28 MP: 4/11
  2890 | D:4      | Learned a level 4 spell: Flame Wave
  3009 | D:4      | Noticed an ogre
  3015 | D:4      | Killed an ogre
  3225 | D:4      | Reached XP level 6. HP: 28/32 MP: 5/14
  3767 | D:5      | Entered Level 5 of the Dungeon
  3775 | D:5      | You fall into a shaft and drop 2 floors!
  3890 | D:6      | Reached XP level 7. HP: 36/36 MP: 4/16
  3985 | D:5      | Reached skill level 5 in Spellcasting
  4037 | D:5      | Reached skill level 5 in Conjurations
  4799 | D:6      | Reached skill level 1 in Shapeshifting
  4828 | D:6      | Reached skill level 1 in Staves
  4931 | D:6      | Reached skill level 1 in Earth Magic
  4951 | D:6      | Found a runed translucent gate.
  4951 | D:6      | Found a runed translucent gate.
  4952 | D:6      | Found a runed translucent gate.
  4953 | D:6      | Noticed tdove's ghost (novice OpFi)
  4954 | D:6      | Noticed zeteo's ghost (novice HOMo)
  4959 | D:6      | Reached skill level 1 in Evocations
  4969 | D:6      | Reached * piety under Vehumet
  4969 | D:6      | Offered knowledge of Sting by Vehumet.
  5314 | D:6      | Found a staircase to the Ecumenical Temple.
  5381 | D:6      | Reached XP level 8. HP: 41/41 MP: 14/17
  5413 | Temple   | Entered the Ecumenical Temple
  5755 | D:7      | Noticed a komodo dragon
  5760 | D:7      | HP: 2/41 [komodo dragon (26)]
  5977 | D:7      | Reached skill level 5 in Shapeshifting
  6226 | D:7      | Mangled by a komodo dragon

Illustrated notes

Levels and vault maps discovered:
D:1:      minmay_arrival_radiant_lines, layout_basic
D:2:      wad_woods_settlement, layout_basic, serial_shops, shop
D:3:      layout_basic, mainiacjoe_overflow_paths,
          minmay_overflow_temple_star_quad, serial_bayou_crossing
D:4:      wad_pebble_path, layout_basic
D:5:      layout_basic
D:6:      wander_river, layout_cave_pools, minmay_temple_entry_metal_lava,
          gammafunk_ghost_cemetery
D:7:      layout_basic, dk_vineyard_1
Temple:   nicolae_temple_panitentiary

Skill      XL: |  1  2  3  4  5  6  7  8 |
---------------+-------------------------+-----
Fire Magic     | 4 5 6 |  6.5
Conjurations   | 3 4 5 |  5.1
Spellcasting   | 4 5 |  5.2
Shapeshifting  | 3 5 |  5.2
Staves         | 1 3 |  3.4
Earth Magic    | 2 3 |  3.8
Evocations     | 1 3 |  3.7
Dodging        | |  2.4
Stealth        | |  2.4

Action                     |  1- 3 |  4- 6 |  7- 9 || total
---------------------------+-------+-------+-------++-------
  Melee: Unarmed           |    13 |       |       ||    13
         Quarterstaff      |       |     2 |       ||     2
         Staff             |       |       |    23 ||    23
         Punch             |       |       |     1 ||     1
   Cast: Foxfire           |    43 |    39 |    49 ||   131
         Scorch            |     9 |    23 |    40 ||    72
         Flame Wave        |       |       |     3 ||     3
    Use: Scroll            |     3 |     4 |    12 ||    19
         Potion            |       |     1 |     1 ||     2
   Stab: Sleeping          |     1 |       |       ||     1
 Armour: Robe              |    19 |    18 |    45 ||    82
  Dodge: Dodged            |    21 |     8 |    39 ||    68
